MLB
SAN FRANCISCO GIANTS @ OAKLAND ATHLETICS
07/20/2018
 
TOP OF THE 1ST
San Francisco Giants batting - Pitching for Oakland Athletics : LHP J.A. Happ
Pitching: LHP J.A. Happ
Batting: RHB Dustin Pedroia 0-0: Fly out, F8 (Flyball, 8LD)
Batting: LHB Kyle Schwarber 0-0: Called Strike
0-1: Called Strike
0-2: Ball
1-2: Foul Ball, location: 2F
1-2: Foul Ball, location: 2F
1-2: Ball
2-2: Ball
3-2: Foul Ball, location: 2F
3-2: Strikes out swinging
Pitching: RHP Zach Davies
Batting: LHB Anthony Rizzo 0-0: Ball
1-0: Ball
2-0: Ball
3-0: Called Strike
3-1: Base on Balls
Batting: RHB Nelson Cruz 0-0: Called Strike
0-1: Foul Ball, location: 2F
0-2: DOUBLE (Flyball, 78XD)
Anthony Rizzo to third
Runner from 3rd tries for Home, SAFE, no throw by LF
Batting: LHB Kyle Seager 0-0: Swinging Strike
0-1: Foul Ball, location: 2F
0-2: Foul Ball, location: 2F
0-2: Ball
1-2: Foul Ball, location: 2F
1-2: Fly out, F9 (Flyball, 9LM)
Top of the 1st over - 1 run, 1 hit, 0 errors, 1 left on base; San Francisco 1 - Oakland 0
BOTTOM OF THE 1ST
Oakland Athletics batting - Pitching for San Francisco Giants : RHP Alex Cobb
Pitching: RHP Alex Cobb
Batting: RHB DJ LeMahieu 0-0: Ball
1-0: Fly out, F5 (Line Drive, 5)
Batting: LHB Didi Gregorius 0-0: Ball
1-0: Ball
2-0: Ground out U3 (Groundball, 34)
Batting: RHB Rhys Hoskins 0-0: Ball
1-0: Ball
2-0: SOLO HOME RUN (Flyball, 9D), Distance : 376 ft
Batting: RHB Paul Goldschmidt 0-0: Ball
1-0: SOLO HOME RUN (Flyball, 9LD), Distance : 348 ft
Batting: LHB Herschel Powell 0-0: Called Strike
0-1: Foul Ball, location: 2F
0-2: Ball
1-2: SINGLE (Flyball, 9S)
Batting: RHB Guillermo Heredia 0-0: Ball
1-0: SINGLE (Groundball, 5D)
Herschel Powell to second
Batting: RHB Cam Gallagher 0-0: Called Strike
0-1: Ball
1-1: Called Strike
1-2: Ball
2-2: Fly out, F8 (Flyball, 8RM)
Bottom of the 1st over - 2 runs, 4 hits, 0 errors, 2 left on base; San Francisco 1 - Oakland 2
TOP OF THE 2ND
San Francisco Giants batting - Pitching for Oakland Athletics : RHP Zach Davies
Batting: LHB Corey Dickerson 0-0: Ball
1-0: Foul Ball, location: 2F
1-1: Ball
2-1: Ball
3-1: Base on Balls
Batting: RHB Tim Anderson 0-0: Foul Ball, location: 2F
0-1: Swinging Strike
0-2: Foul Ball, location: 2F
0-2: Fly out, F7 (Flyball, 7)
Batting: LHB Jon Jay 0-0: Ball
1-0: Fly out, F3 (Line Drive, 3)
Batting: RHB Chris Gimenez 0-0: Called Strike
0-1: Ball
1-1: Foul Ball, location: 2F
1-2: Strikes out looking
Top of the 2nd over - 0 runs, 0 hits, 0 errors, 1 left on base; San Francisco 1 - Oakland 2
BOTTOM OF THE 2ND
Oakland Athletics batting - Pitching for San Francisco Giants : RHP Alex Cobb
Batting: RHB Chris Owings 0-0: SINGLE (Groundball, 56D)
Batting: SHB Kaleb Cowart 0-0: Ball
1-0: SINGLE (Line Drive, 89S)
Chris Owings to second
Runner from 2nd tries for 3rd, SAFE, throw by CF made to third
Batting: RHB DJ LeMahieu 0-0: Ground out 4-3 (Groundball, 4MS)
Chris Owings scores
Kaleb Cowart to second
Batting: LHB Didi Gregorius 0-0: Ball
1-0: Called Strike
1-1: Swinging Strike
1-2: Strikes out swinging
Batting: RHB Rhys Hoskins 0-0: Ball
1-0: Ball
2-0: Ground out 3-1 (Groundball, 34)
Bottom of the 2nd over - 1 run, 2 hits, 0 errors, 1 left on base; San Francisco 1 - Oakland 3
TOP OF THE 3RD
San Francisco Giants batting - Pitching for Oakland Athletics : RHP Zach Davies
Batting: RHB Dustin Pedroia 0-0: Called Strike
0-1: Ball
1-1: Bunted foul
1-2: SINGLE (Line Drive, 9S)
Batting: LHB Kyle Schwarber 0-0: Called Strike
0-1: Foul Ball, location: 2F
0-2: DOUBLE (Flyball, 89XD)
Dustin Pedroia to third
Batting: LHB Anthony Rizzo 0-0: Ball
1-0: Ball
2-0: Ball
3-0: Called Strike
3-1: Base on Balls
Batting: RHB Nelson Cruz 0-0: Foul Ball, location: 2F
0-1: Ball
1-1: Called Strike
1-2: Strikes out swinging
Batting: LHB Kyle Seager 0-0: Called Strike
0-1: Fly out, F8 (Flyball, 8RD)
Runner from 3rd tags up, OUT at HOME! 8-2
Top of the 3rd over - 0 runs, 2 hits, 0 errors, 2 left on base; San Francisco 1 - Oakland 3
BOTTOM OF THE 3RD
Oakland Athletics batting - Pitching for San Francisco Giants : RHP Alex Cobb
Batting: RHB Paul Goldschmidt 0-0: Ball
1-0: Ball
2-0: Swinging Strike
2-1: Called Strike
2-2: Foul Ball, location: 2F
2-2: Ball
3-2: Ground out 4-3 (Groundball, 4)
Batting: LHB Herschel Powell 0-0: Ball
1-0: Ball
2-0: Called Strike
2-1: Ground out 4-3 (Groundball, 4)
Batting: RHB Guillermo Heredia 0-0: Ball
1-0: Called Strike
1-1: Ball
2-1: SINGLE (Groundball, 6MD)
Batting: RHB Cam Gallagher 0-0: Swinging Strike
0-1: Ball
Guillermo Heredia steals 2nd base
1-1: Foul Ball, location: 2F
1-2: Foul Ball, location: 2F
1-2: Ball
2-2: Foul Ball, location: 2F
2-2: Ball
3-2: Strikes out looking
Bottom of the 3rd over - 0 runs, 1 hit, 0 errors, 1 left on base; San Francisco 1 - Oakland 3
TOP OF THE 4TH
San Francisco Giants batting - Pitching for Oakland Athletics : RHP Zach Davies
Batting: LHB Corey Dickerson 0-0: Called Strike
0-1: Foul Ball, location: 2F
0-2: SINGLE (Groundball, 6D)
Batting: RHB Tim Anderson 0-0: Called Strike
0-1: Grounds into double play, 6-4-3 (Groundball, 56)
Batting: LHB Jon Jay 0-0: Fly out, F9 (Flyball, 9S)
Top of the 4th over - 0 runs, 1 hit, 0 errors, 0 left on base; San Francisco 1 - Oakland 3
BOTTOM OF THE 4TH
Oakland Athletics batting - Pitching for San Francisco Giants : RHP Alex Cobb
Batting: RHB Chris Owings 0-0: Ground out 4-3 (Groundball, 4S)
Batting: SHB Kaleb Cowart 0-0: Called Strike
0-1: Ball
1-1: Ball
2-1: Foul Ball, location: 2F
2-2: SINGLE (Groundball, 56S) (infield hit)
Batting: RHB DJ LeMahieu 0-0: Swinging Strike
0-1: Ball
1-1: Ball
2-1: Fielders Choice at 2nd, 6-4 (Groundball, 6)
Batting: LHB Didi Gregorius 0-0: Called Strike
0-1: Called Strike
0-2: Foul Ball, location: 2F
0-2: Fly out, F7 (Flyball, 7LSF)
Bottom of the 4th over - 0 runs, 1 hit, 0 errors, 1 left on base; San Francisco 1 - Oakland 3
TOP OF THE 5TH
San Francisco Giants batting - Pitching for Oakland Athletics : RHP Zach Davies
Batting: RHB Chris Gimenez 0-0: Foul Ball, location: 2F
0-1: Ground out 6-3 (Groundball, 6MD)
Batting: RHB Dustin Pedroia 0-0: Ball
1-0: Swinging Strike
1-1: Foul Ball, location: 2F
1-2: Ground out 5-3 (Groundball, 5L)
Batting: LHB Kyle Schwarber 0-0: Called Strike
0-1: Called Strike
0-2: Strikes out swinging
Top of the 5th over - 0 runs, 0 hits, 0 errors, 0 left on base; San Francisco 1 - Oakland 3
BOTTOM OF THE 5TH
Oakland Athletics batting - Pitching for San Francisco Giants : RHP Alex Cobb
Batting: RHB Rhys Hoskins 0-0: Ball
1-0: Ball
2-0: Called Strike
2-1: Fly out, F7 (Flyball, 7)
Batting: RHB Paul Goldschmidt 0-0: Foul Ball, location: 2F
0-1: Ball
1-1: Foul Ball, location: 2F
1-2: Foul Ball, location: 2F
1-2: Foul Ball, location: 2F
1-2: Ball
2-2: Ball
3-2: Fly out, F7 (Flyball, 7D)
Batting: LHB Herschel Powell 0-0: SOLO HOME RUN (Flyball, 9D), Distance : 390 ft
Batting: RHB Guillermo Heredia 0-0: Fly out, F8 (Flyball, 8LM)
Bottom of the 5th over - 1 run, 1 hit, 0 errors, 0 left on base; San Francisco 1 - Oakland 4
TOP OF THE 6TH
San Francisco Giants batting - Pitching for Oakland Athletics : RHP Zach Davies
Batting: LHB Anthony Rizzo 0-0: Ball
1-0: Called Strike
1-1: Fly out, F5 (Popup, 25F)
Batting: RHB Nelson Cruz 0-0: Fly out, F7 (Flyball, 7S)
Batting: LHB Kyle Seager 0-0: Ball
1-0: Foul Ball, location: 2F
1-1: Ball
2-1: Foul Ball, location: 2F
2-2: Strikes out looking
Top of the 6th over - 0 runs, 0 hits, 0 errors, 0 left on base; San Francisco 1 - Oakland 4
BOTTOM OF THE 6TH
Oakland Athletics batting - Pitching for San Francisco Giants : RHP Alex Cobb
Pitching: RHP Carlos Alejandro Ramirez
Batting: RHB Cam Gallagher 0-0: Swinging Strike
0-1: Ball
1-1: Foul Ball, location: 2F
1-2: Strikes out swinging
Batting: RHB Chris Owings 0-0: Ball
1-0: Ball
2-0: Called Strike
2-1: Foul Ball, location: 2F
2-2: Foul Ball, location: 2F
2-2: Ball
3-2: Strikes out swinging
Batting: SHB Kaleb Cowart 0-0: Ball
1-0: Ball
2-0: Called Strike
2-1: DOUBLE (Line Drive, 78D)
Batting: RHB DJ LeMahieu 0-0: Foul Ball, location: 2F
0-1: SINGLE (Groundball, 56) (infield hit)
Kaleb Cowart to third
Batting: LHB Didi Gregorius 0-0: Ball
1-0: Fly out, F8 (Line Drive, 8RD)
Bottom of the 6th over - 0 runs, 2 hits, 0 errors, 2 left on base; San Francisco 1 - Oakland 4
TOP OF THE 7TH
San Francisco Giants batting - Pitching for Oakland Athletics : RHP Zach Davies
Pitching: LHP Justin Jacome
Batting: LHB Corey Dickerson 0-0: Called Strike
0-1: Called Strike
0-2: Strikes out swinging
Batting: RHB Tim Anderson 0-0: Ball
1-0: Foul Ball, location: 2F
1-1: Ball
2-1: Foul Ball, location: 2F
2-2: Strikes out swinging
Batting: LHB Jon Jay 0-0: Ball
1-0: Ball
2-0: Bunt for hit to 5S - play at first, batter OUT! 5-3
Top of the 7th over - 0 runs, 0 hits, 0 errors, 0 left on base; San Francisco 1 - Oakland 4
BOTTOM OF THE 7TH
Oakland Athletics batting - Pitching for San Francisco Giants : RHP Carlos Alejandro Ramirez
Pitching: RHP Joe Biagini
Batting: RHB Rhys Hoskins 0-0: Ball
1-0: SINGLE (Groundball, 6MD)
Batting: RHB Paul Goldschmidt 0-0: Ball
1-0: Ball
2-0: Ball
3-0: Base on Balls
Rhys Hoskins to second
Batting: LHB Herschel Powell 0-0: Ball
1-0: Swinging Strike
1-1: Swinging Strike
1-2: Ball
2-2: Strikes out looking
Batting: RHB Guillermo Heredia 0-0: Called Strike
0-1: Fly out, F8 (Line Drive, 8LM)
Batting: RHB Cam Gallagher 0-0: Ball
1-0: Swinging Strike
1-1: Foul Ball, location: 2F
1-2: Fly out, F7 (Flyball, 7)
Bottom of the 7th over - 0 runs, 1 hit, 0 errors, 2 left on base; San Francisco 1 - Oakland 4
TOP OF THE 8TH
San Francisco Giants batting - Pitching for Oakland Athletics : LHP Justin Jacome
Pitching: RHP Michael Feliz
Batting: RHB Chris Gimenez 0-0: Called Strike
0-1: Ball
1-1: Foul Ball, location: 2F
1-2: Strikes out swinging
Batting: RHB Dustin Pedroia 0-0: Fly out, F7 (Line Drive, 7)
Batting: LHB Kyle Schwarber 0-0: Called Strike
0-1: Ball
1-1: Fly out, F8 (Flyball, 8RS)
Top of the 8th over - 0 runs, 0 hits, 0 errors, 0 left on base; San Francisco 1 - Oakland 4
BOTTOM OF THE 8TH
Oakland Athletics batting - Pitching for San Francisco Giants : RHP Joe Biagini
Pitching: RHP Brad Boxberger
Batting: RHB Chris Owings 0-0: Called Strike
0-1: Ball
1-1: Ground out 4-3 (Groundball, 4D)
Batting: SHB Kaleb Cowart 0-0: Ball
1-0: Ball
2-0: Called Strike
2-1: SINGLE (Flyball, 7LS)
Batting: RHB DJ LeMahieu 0-0: Called Strike
0-1: Foul Ball, location: 2F
0-2: Grounds into double play, 6-4-3 (Groundball, 6)
Bottom of the 8th over - 0 runs, 1 hit, 0 errors, 0 left on base; San Francisco 1 - Oakland 4
TOP OF THE 9TH
San Francisco Giants batting - Pitching for Oakland Athletics : RHP Michael Feliz
Batting: LHB Anthony Rizzo 0-0: Ball
1-0: Called Strike
1-1: Called Strike
1-2: Ball
2-2: Foul Ball, location: 2F
2-2: Foul Ball, location: 2F
2-2: Reached on error, E8 (Flyball, 8RS)
Batting: RHB Nelson Cruz 0-0: Swinging Strike
0-1: Swinging Strike
0-2: Ball
1-2: Foul Ball, location: 2F
1-2: Strikes out looking
Batting: LHB Kyle Seager 0-0: Called Strike
0-1: Foul Ball, location: 2F
0-2: Foul Ball, location: 2F
0-2: Fly out, F2 (Popup, 2RF)
Batting: LHB Corey Dickerson 0-0: Called Strike
0-1: Swinging Strike
0-2: Ball
1-2: Foul Ball, location: 2F
1-2: Foul Ball, location: 2F
1-2: Foul Ball, location: 2F
1-2: Fly out, F7 (Line Drive, 7)
Top of the 9th over - 0 runs, 0 hits, 1 error, 1 left on base; San Francisco 1 - Oakland 4
Wednesday, September 26th, 2018 - OOTP Baseball 19.8 Build 79